 Dungeon Crawl Stone Soup version 0.29-a0-303-ge4682ce883 (webtiles) character file.

Game seed: 15691577531702708322

21 kae the Gusty (level 2, -6/16 HPs)
             Began as a Tengu Air Elementalist on Mar 25, 2022.
             Mangled by Terence
             ... wielding a +4 hand axe of venom
              (8 damage)
             ... on level 2 of the Dungeon.
             The game lasted 00:00:33 (1264 turns).

kae the Gusty (Tengu Air Elementalist)              Turns: 1264, Time: 00:00:34

Health: -6/16      AC:  3    Str:  8    XL:     2   Next: 87%
Magic:  0/6        EV: 12    Int: 15    God:
Gold:   68         SH:  0    Dex: 14    Spells: 2/5 levels left

rFire   . . .      SeeInvis .   g - +0 dagger
rCold   . . .      Faith    .   (no shield)
rNeg    . . .      Spirit   .   a - +0 robe
rPois   .          Reflect  .   (helmet restricted)
rElec   .          Harm     .   f - +0 cloak
rCorr   .          Rampage  .   (no gloves)
Will    .....                   (boots unavailable)
Stlth   ++........              (no amulet)
HPRegen 0.05/turn               (no ring)
MPRegen 0.10/turn               (no ring)

@: lethally poisoned (-6 -> -21), weak-willed
A: beak, talons 3
a: no special abilities


You were on level 2 of the Dungeon.
You visited 1 branch of the dungeon, and saw 2 of its levels.

You collected 68 gold pieces.

Inventory:

Hand Weapons
 g - a +0 dagger (weapon)
Armour
 a - a +0 robe (worn)
 f - a +0 cloak (worn)
Scrolls
 e - a scroll of fear {unknown}
Potions
 b - a potion of magic
 c - a potion of ambrosia {unknown}


   Skills:
 + Level 0.4 Fighting
 + Level 0.6 Armour
 + Level 2.3 Dodging
 - Level 2.0 Stealth
 + Level 2.1 Spellcasting
 + Level 1.8 Conjurations
 * Level 4.5 Air Magic


You had 2 spell levels left.
You knew the following spells:

 Your Spells              Type           Power      Damage    Failure   Level
a - Shock                 Conj/Air       44%        1d5       6%          1
b - Static Discharge      Conj/Air       11%        N/A       9%          2

Your spell library contained the following spells:

 Spells                   Type           Power      Damage    Failure   Level
 Swiftness                Air            15%        N/A       10%         3
 Airstrike                Air            7%         N/A       32%         4


Dungeon Overview and Level Annotations

Branches:
Dungeon (2/15)

Altars:

Annotations:
D:2 Terence


Innate Abilities, Weirdness & Mutations

You have a beak for a mouth.
You have claws for feet.


Message History

Aim: Terence, wielding a +4 hand axe of venom and wearing a +0 chain mail (77% to hit)
The zap hits Terence.
Terence is lightly wounded.
Terence asks, "Do you want it fast or slow?"
Casting: Shock (safe; 6% risk of failure)
Confirm with . or Enter, or press ? or * to list all spells.
Aiming: Shock (safe; 6% risk of failure)
Press: ? - help, Shift-Dir - straight line, f/p - Terence
Aim: Terence, wielding a +4 hand axe of venom and wearing a +0 chain mail (lightly wounded, 77% to hit)
The zap hits Terence.
Terence is moderately wounded.
Casting: Shock (safe; 6% risk of failure)
Confirm with . or Enter, or press ? or * to list all spells.
Aiming: Shock (safe; 6% risk of failure)
Press: ? - help, Shift-Dir - straight line, f/p - Terence
Aim: Terence, wielding a +4 hand axe of venom and wearing a +0 chain mail (moderately wounded, 77% to hit)
The zap hits Terence.
Terence is moderately wounded.
Casting: Shock (safe; 6% risk of failure)
Confirm with . or Enter, or press ? or * to list all spells.
Terence is struck by an arc of lightning.
Terence is heavily wounded.
The lightning grounds out.
Terence misses you.
Terence hits you with a +4 hand axe of venom!
Ouch! That really hurt!
You are lethally poisoned!
Casting: Static Discharge (safe; 9% risk of failure)
Confirm with . or Enter, or press ? or * to list all spells.
You don't have enough magic to cast this spell.
Casting: Static Discharge (safe; 9% risk of failure)
Confirm with . or Enter, or press ? or * to list all spells.
You don't have enough magic to cast this spell.
Okay, then.
As you read the scroll labelled EPTILU WAUL, it crumbles to dust.
Magic quickly surges around you.
It was a scroll of vulnerability.
* * * LOW HITPOINT WARNING * * *
You feel very sick.
A giant cockroach comes into view.
Terence hits you with a +4 hand axe of venom!
Ouch! That really hurt!
You die...

#.<#...
#..#..#
#..#..#
#..#..#
#.###..#..#
#.........#
#####..#..#
.....##.#
####.###@#
#. #@# #.
#.# #. .$#
.. #.# ..B
#.# #.#


You could see Terence (weak-willed) and a giant cockroach (wandering).

Vanquished Creatures
  3 endoplasms
  3 giant cockroaches (D:1)
  A goblin (D:1)
  3 hobgoblins (D:1)
  3 quokkas (D:1)
  4 frilled lizards (D:1)
  A kobold (D:1)
18 creatures vanquished.

Notes
Turn   | Place    | Note
-------+----------+-------------------------------------------
     0 | D:1      | kae the Tengu Air Elementalist began the quest for the Orb.
     0 | D:1      | Reached XP level 1. HP: 10/10 MP: 4/4
   312 | D:1      | Reached XP level 2. HP: 15/15 MP: 4/6
   315 | D:1      | Learned a level 2 spell: Static Discharge
  1255 | D:2      | Noticed Terence
  1264 | D:2      | Mangled by Terence

Illustrated notes

Levels and vault maps discovered:
D:1:      roderic_dead_forest, layout_loops_cross
D:2:      minmay_recursive_quarters, layout_basic, uniq_terence

Action                   || total
-------------------------++-------
Melee: Unarmed           ||     5
       Dagger            ||     3
       Peck              ||     3
       Kick              ||     1
 Cast: Shock             ||    18
       Static Discharge  ||    11
  Use: Scroll            ||     1
 Stab: Sleeping          ||     2
Armor: Robe              ||     4
Dodge: Dodged            ||    11

Table legend: (Time is in decaauts)
 A = Elapsed time spent in this place.
 B = Non-inter-level travel time spent in this place.
 C = Inter-level travel time spent in this place.
 D = Time resting spent in this place.
 E = Time spent auto-exploring this place.
 F = Levels seen in this place.
 G = Mean time per level.
                   A        B        C        D        E       F      G
               +--------+--------+--------+--------+--------+-----+--------+
         Total |   1263 |   1204 |     59 |      0 |   1071 |   2 |  631.5 |
       Dungeon |   1263 |   1204 |     59 |      0 |   1071 |   2 |  631.5 |
               +--------+--------+--------+--------+--------+-----+--------+

Top non-repeatable levels by time:
     D:1: 1246 daAuts
     D:2: 16 daAuts
